 Seeded DCSS version 0.30.1-3-gfc49f6343a (webtiles) character file.

Game seed: 20230804 (custom seed)

15 AccursedSamuel the Shield-Bearer (level 2, -3/29 HPs)
             Began as a Troll Fighter on Aug 9, 2023.
             Was a Plaything of Xom.
             Slain by an iguana (10 damage)
             ... on level 4 of the Dungeon.
             The game lasted 00:02:38 (728 turns).

AccursedSamuel the Shield-Bearer (Troll Fighter)     Turns: 728, Time: 00:02:38

Health: -3/29      AC:  4    Str: 23      XL:     2   Next: 34%
Magic:  1/1        EV:  8    Int:  4      God:    Xom [.*....]
Gold:   57         SH:  7    Dex:  6 (9)  Spells: 1/1 levels left

rFire   . .          .
                       - Unarmed
rCold   . . .        b - +0 kite shield
rNeg    . . .        a - +0 robe
rPois   .            (helmet restricted)
rElec   .            (no cloak)
rCorr   .            (gloves unavailable)
SInv    .            (boots unavailable)
Will    .....        (no amulet)
Stlth   +            (no ring)
HPRegen 1.04/turn    (no ring)
MPRegen 0.07/turn

%: no passive effects
@: unable to read
A: large, unfitting armour, claws 3, regeneration 1, shaggy fur 1, tough skin 1,
mutation resistance 1, inability to read after injury 1
a: Renounce Religion


You were on level 4 of the Dungeon.
You worshipped Xom.
You were a plaything of Xom.
You visited 1 branch of the dungeon, and saw 4 of its levels.

You collected 57 gold pieces.

Inventory:

Armour
 a - a +0 robe (worn)
 b - a +0 kite shield (worn)
Scrolls
 d - a scroll of teleportation {unknown}
 f - 2 scrolls of identify {unknown}
Potions
 c - a potion of might
 e - a potion of cancellation {unknown}
 g - 2 potions of attraction {unknown}
 h - 2 potions of ambrosia {unknown}


   Skills:
 + Level 2.6 Fighting
 + Level 2.6 Dodging
 + Level 2.9 Shields
 + Level 2.1 Unarmed Combat


You had one spell level left.
You didn't know any spells.
Your spell library contained the following spells:

 Spells                   Type           Power      Damage    Failure   Level
 Apportation              Tloc           0%         N/A       78%         1
 Summon Forest            Summ/Tloc      0%         N/A       100%        5
 Dispersal                Tloc           0%         N/A       100%        6


Dungeon Overview and Level Annotations

Branches:
Dungeon (4/15)
 Temple: D:4-7

Altars:
Xom


Innate Abilities, Weirdness & Mutations

You are too large for most types of armour.
You have claws for hands.
Your natural rate of healing is unusually fast.
You are covered in fur. (AC +1)
You have tough skin. (AC +1)
You are somewhat resistant to further mutation.
You occasionally lose the ability to read scrolls when taking damage.


Message History

You see here a dart slug corpse.
There is a stone staircase leading down here.
You climb downwards.
You hear the sound of rushing water.
There is an entrance to a sewer on this level.
Hurry and find it before the portal rusts away!
There is a stone staircase leading up here.
Found a fuming cyan potion.
g - 2 fuming cyan potions (gained 1)
You hear the slow rusting of a very distant drain.
Found a stone staircase leading down.
You open the door.
An iguana comes into view.
The iguana hisses angrily. "This might be better!"
The iguana seems to slow down.
The iguana is no longer moving slowly.
There is an open door here.
The iguana barely misses you.
You claw the iguana!
The iguana is heavily wounded.
The iguana bites you.
You scratch the iguana but do no damage.
The iguana is heavily wounded.
The iguana bites you.
You scratch the iguana.
The iguana is severely wounded.
The iguana bites you!
You closely miss the iguana.
The iguana is severely wounded.
You block the iguana's attack.
You barely miss the iguana.
The iguana is severely wounded.
The iguana bites you!
You feel threatened and lose the ability to read scrolls!
* * * LOW HITPOINT WARNING * * *
You block the iguana's attack.
You barely miss the iguana.
The iguana is severely wounded.
Xom decides to rearrange the pieces.
You swap places with the iguana.
The iguana bites you!
You die...

###.#.# #<#.#.# #.#
#.#.#.#.#.#
#########.#
#.#.#.#.#.#
..........
.>#.#.#.#.# #....##.#
#.#.#.#.#.# #....##.#
#.#.#.#.#.# #....##.#
#.#.#.#.#.#
#...@##.###.#.#.#.#.#
#...l'........#...#.#
#....##.###.#######.#
#....##.# #.# #.#
#....##.###.#######.#
#.#####.#...........#
#. #.#.#.######### #.
#.#.#.# #.#.#.#


You could see an iguana.

Vanquished Creatures
  A worm (D:3)
  A dart slug (D:3)
  An orc (D:3)
  A ball python (D:1)
  A giant cockroach (D:3)
  A goblin (D:1)
  A kobold (D:1)
  2 bats (D:1)
9 creatures vanquished.

Notes
Turn   | Place    | Note
-------+----------+-------------------------------------------
     0 | D:1      | AccursedSamuel the Troll Fighter began the quest for the
                  | Orb.
     0 | D:1      | Reached XP level 1. HP: 22/22 MP: 0/0
    46 | D:1      | Found a faded altar of an unknown god.
    85 | D:1      | Prayed at the altar of an unknown god.
    85 | D:1      | Became a worshipper of Xom of Chaos
    94 | D:1      | XOM: silly message
   183 | D:1      | XOM: divination: detect creatures
   188 | D:1      | XOM: cast spell 'Statue Form'
   273 | D:2      | XOM: blink monster(s)
   285 | D:3      | Got the Almanac of Location
   308 | D:3      | Reached XP level 2. HP: 29/29 MP: 1/1
   414 | D:3      | XOM: give mutations
   414 | D:3      | Gained mutation: You occasionally lose the ability to read
                  | scrolls when taking damage. [Xom's mischief]
   414 | D:3      | Gained mutation: You are somewhat resistant to further
                  | mutation. [Xom's mischief]
   487 | D:3      | XOM: summons 1 hostile demon
   581 | D:3      | XOM: silly message
   720 | D:4      | XOM: enchant monster (good)
   728 | D:4      | XOM: swap monsters
   728 | D:4      | Slain by an iguana

Illustrated notes

Levels and vault maps discovered:
D:1:      roderic_octagonal_star, layout_basic,
          hellmonk_ecumenical_altar_run_dry, minmay_box_of_dots
D:2:      layout_loops_ring
D:3:      layout_basic, serial_aquarium, aquarium_bridge_long_separate
          [aquarium_subvault_wall, aquarium_subvault_wall,
          aquarium_subvault_bridge, aquarium_subvault_wall,
          aquarium_subvault_bridge, aquarium_subvault_bridge],
          aquarium_window_1, aquarium_window_fake, aquarium_view_2d,
          aquarium_view_4, aquarium_pool_1
D:4:      layout_basic, gammafunk_temple_overflow_forgotten,
          portal_sewer_entry_b

Action                     || total
---------------------------++-------
  Melee: Unarmed           ||    37
 Armour: Robe              ||    18
         Skin              ||     1
  Dodge: Dodged            ||    21
  Block: Kite shield       ||    26
